[Event "Team 45 45 League T85"]
[Site "Internet Chess Club"]
[Date "2020.07.16"]
[Round "3"]
[White "Ajolote"]
[Black "primerpaso"]
[Result "1-0"]
[WhiteElo "1944"]
[BlackElo "1787"]
[Opening "Sicilian: closed"]
[ECO "B24"]
[Time "13:07:21"]
[TimeControl "2700+45"]

1. e4 c5 2. Nc3 Nc6 3. g3 g6 4. Bg2 Bg7 5. d3 e6 6. Be3 b6 7. Qd2 Bb7 8. Nge2
Nge7 9. Bh6 O-O 10. h4 Bxh6 11. Qxh6 f6 12. Qd2 Nd4 13. O-O-O d6 14. Qe3 Nec6
15. h5 g5 16. h6 Qe7 17. f4 Kh8 18. Rdf1 Rg8 19. Qf2 Raf8 20. Nd1 Nxe2+ 21. Qxe2
Rg6 22. Ne3 gxf4 23. gxf4 f5 24. Qd2 Qf6 25. exf5 exf5 26. Nd5 Qf7 27. Re1 Rfg8
28. Ne3 Qxa2 29. Qc3+ {Black resigns} 1-0

[Event "Team 45 45 League T85"]
[Site "Internet Chess Club"]
[Date "2020.07.19"]
[Round "3"]
[White "cayo89"]
[Black "julesraider"]
[Result "0-1"]
[WhiteElo "1692"]
[BlackElo "1610"]
[Opening "Caro-Kann: exchange, Rubinstein variation"]
[ECO "B13"]
[Time "09:14:53"]
[TimeControl "2700+45"]

1. e4 c6 2. d4 d5 3. exd5 cxd5 4. Bf4 Nc6 5. c3 Nf6 6. Bd3 Bg4 7. Qb3 Qb6 8.
Qxb6 axb6 9. Bc7 Kd7 10. Bxb6 e6 11. Nd2 Bd6 12. Ngf3 Bh5 13. O-O Bg6 14. Bb5
Ke7 15. Rfe1 Nd7 16. c4 Nxb6 17. c5 Bc7 18. cxb6 Bxb6 19. Bxc6 bxc6 20. Ne5 c5
21. dxc5 Bxc5 22. Nb3 Bd6 23. Nd4 Kf6 24. Nxg6 hxg6 25. Nf3 g5 26. a3 g4 27. Nd4
Bxh2+ 28. Kf1 Be5 29. Rad1 Ra4 30. b4 Rxa3 31. Nc6 Bc3 32. Ke2 Bxe1 33. Rxe1 Rc8
34. b5 Rb3 35. Rd1 Rxb5 {White resigns} 0-1

[Event "Team 45 45 League T85"]
[Site "Internet Chess Club"]
[Date "2020.07.21"]
[Round "3"]
[White "Portola"]
[Black "fireball"]
[Result "1/2-1/2"]
[WhiteElo "1686"]
[BlackElo "1544"]
[Opening "Queen's pawn game"]
[ECO "A46"]
[Time "18:05:41"]
[TimeControl "2700+45"]

1. d4 Nf6 2. Nf3 c5 3. e3 d5 4. Be2 Nc6 5. c3 Bf5 6. Nbd2 c4 7. b3 b5 8. bxc4
bxc4 9. Qa4 Bd7 10. Qc2 Qa5 11. O-O g6 12. Nh4 Bg7 13. f4 O-O 14. Bf3 Bg4 15.
Nxc4 Qa6 16. Ne5 Nxe5 17. fxe5 Bxf3 18. gxf3 Nh5 19. Bd2 Qe6 20. Rab1 Rab8 21.
Rxb8 Rxb8 22. Rb1 Rxb1+ 23. Qxb1 Qh3 24. Be1 g5 25. Nf5 Qxf3 26. Nxe7+ Kf8 27.
Nf5 Kg8 28. Bf2 Qg4+ 29. Ng3 Nxg3 30. hxg3 h5 31. Qe1 h4 32. Kh2 hxg3+ 33. Bxg3
Qh5+ 34. Kg2 Qg4 35. Qf2 Qe4+ 36. Kh2 Qg4 37. Kg2 Qe4+ 38. Kh2 Qd3 39. Qf3 Qxc3
40. Qe2 Qc4 41. Qd2 Kh7 42. Qf2 Kg6 43. Qd2 Bh6 44. Kg2 Bf8 45. Qf2 Bg7 46. Qd2
Bh6 47. Qf2 Bg7 48. Qd2 {Game drawn by mutual agreement} 1/2-1/2

[Event "Team 45 45 League T85"]
[Site "Internet Chess Club"]
[Date "2020.07.17"]
[Round "3"]
[White "TwoEqualsOne"]
[Black "kidcobra"]
[Result "0-1"]
[WhiteElo "1760"]
[BlackElo "1829"]
[Opening "Nimzo-Indian: Sämisch variation"]
[ECO "E27"]
[Time "21:01:45"]
[TimeControl "2700+45"]

1. d4 Nf6 2. c4 e6 3. Nc3 Bb4 4. a3 Bxc3+ 5. bxc3 O-O 6. Bg5 d6 7. e3 b6 8. Qf3
c6 9. Bd3 Bb7 10. Qg3 e5 11. Bh6 Ne8 12. Nf3 f6 13. e4 Qe7 14. Nh4 Bc8 15. O-O
Kh8 16. Bd2 g5 17. Nf5 Bxf5 18. exf5 Qg7 19. Be4 Nc7 20. dxe5 dxe5 21. Qd3 Qe7
22. Qf3 Qc5 23. Bd3 Rd8 24. Rfd1 Qe7 25. Be3 Rxd3 {White resigns} 0-1

[Event "Team 45 45 League T85"]
[Site "Internet Chess Club"]
[Date "2020.07.16"]
[Round "3"]
[White "Manas"]
[Black "elmaestro"]
[Result "0-1"]
[WhiteElo "1683"]
[BlackElo "1686"]
[Opening "Giuoco Piano"]
[ECO "C54"]
[Time "20:01:14"]
[TimeControl "2700+45"]

1. e4 e5 2. Nf3 Nc6 3. Bc4 Bc5 4. c3 Nf6 5. d3 O-O 6. Bb3 h6 7. O-O a5 8. Re1 d6
9. h3 b5 10. a4 b4 11. d4 Ba7 12. d5 Ne7 13. c4 Ng6 14. Nbd2 Nf4 15. Nf1 g5 16.
Be3 N6h5 17. N3h2 Bxh3 18. gxh3 Nxh3+ 19. Kg2 N5f4+ 20. Kg3 h5 21. Bxa7 Ng1 22.
Nf3 Nxf3 23. Qxf3 g4 24. Qe3 h4+ 25. Kxg4 Kh8 26. Nh2 Rg8+ 27. Kf3 Qd7 28. Qxf4
exf4 29. Bd4+ Kh7 30. Kxf4 Qh3 31. Nf3 Rg4+ 32. Ke3 Re8 33. Bc2 f5 34. Rh1
Rexe4+ 35. Bxe4 Rxe4+ 36. Kd2 Qxf3 37. Be3 Rxc4 38. Rag1 Qxd5+ 39. Ke2 Re4 40.
Rg5 Qc4+ 41. Kf3 Rxe3+ 42. fxe3 Qe4+ {White resigns} 0-1

[Event "Team 45 45 League T85"]
[Site "Internet Chess Club"]
[Date "2020.07.18"]
[Round "3"]
[White "unicornbookworm"]
[Black "zappower"]
[Result "0-1"]
[WhiteElo "1786"]
[BlackElo "1849"]
[Opening "Ruy Lopez: 5.O-O"]
[ECO "C78"]
[Time "19:01:31"]
[TimeControl "2700+45"]

1. e4 e5 2. Nf3 Nc6 3. Bb5 a6 4. Ba4 Nf6 5. O-O b5 6. Bb3 Bc5 7. a4 Rb8 8. c3 d6
9. d4 Bb6 10. axb5 axb5 11. Be3 Bd7 12. dxe5 dxe5 13. Bxb6 Rxb6 14. Nbd2 O-O 15.
Qe2 Nh5 16. g3 Qf6 17. Rfe1 Rd8 18. Qd1 Bg4 19. Qe2 Qg6 20. Qe3 Nf4 21. Bd5 Nh3+
22. Kg2 Qf6 23. Ng1 Nd4 24. Rec1 Nxg1 25. cxd4 exd4 26. Qd3 Nh3 27. f3 Be6 28.
Bxe6 Qxe6 29. Rc5 Qh6 30. Qxd4 Qxd2+ 31. Qxd2 Rxd2+ 32. Kxh3 Rh6+ 33. Kg4 Rg6+
34. Kf4 h6 35. Rxc7 Rf6+ 36. Ke3 Rxb2 37. Rc8+ Kh7 38. h4 Rb3+ 39. Ke2 Rbxf3 40.
Raa8 Rf2+ 41. Kd3 R6f3+ 42. Kd4 Rxg3 43. Rcb8 Rh3 44. Rxb5 Rd2+ 45. Kc5 Rxh4 46.
e5 Rh1 47. Ra7 Rc1+ 48. Kb6 Kg6 49. Ra6 Rd7 50. Ka5+ f6 51. exf6 Ra1+ 52. Kb6
Rd6+ 53. Kc5 Raxa6 54. fxg7 Kxg7 55. Rb7+ Kg6 56. Rb5 Rac6+ 57. Kb4 Rb6 58. Rxb6
Rxb6+ 59. Kc5 Re6 60. Kd5 Kf5 61. Kd4 h5 62. Kd3 h4 63. Kd2 h3 64. Kd1 h2 65.
Kc1 h1=Q+ 66. Kc2 Qc6+ 67. Kd2 Qd5+ 68. Kc1 Rc6+ 69. Kb1 Qb5+ 70. Ka1 Ra6#
{White checkmated} 0-1

[Event "Team 45 45 League T85"]
[Site "Internet Chess Club"]
[Date "2020.07.18"]
[Round "3"]
[White "KidRattler"]
[Black "Rybo88"]
[Result "1/2-1/2"]
[WhiteElo "1637"]
[BlackElo "1476"]
[Opening "QGD: Chigorin defense"]
[ECO "D07"]
[Time "20:01:29"]
[TimeControl "2700+45"]

1. d4 d5 2. c4 Nc6 3. Nf3 Bg4 4. e3 Nf6 5. Nc3 e5 6. Be2 dxc4 7. Nxe5 Nxe5 8.
dxe5 Qxd1+ 9. Bxd1 Bxd1 10. Nxd1 Ne4 11. O-O Nc5 12. f4 Nd3 13. Nf2 Bc5 14. Nxd3
cxd3 15. Bd2 O-O-O 16. Rac1 Bb6 17. a4 Rd5 18. b4 a5 19. b5 Re8 20. Kf2 Re6 21.
Kf3 f6 22. exf6 gxf6 23. g4 h5 24. h3 Kd7 25. Rc4 c6 26. e4 Rdd6 27. f5 hxg4+
28. hxg4 Re7 29. Bf4 Rd4 30. bxc6+ bxc6 31. Rxd4+ Bxd4 32. Rd1 c5 33. Rxd3 Kc6
34. Bd2 Rh7 35. Kg2 Be5 36. Rh3 Rxh3 37. Kxh3 Kb6 38. Kh4 c4 39. Be3+ Kc6 40.
Kh5 c3 41. Kg6 c2 42. Bc1 Kc5 43. g5 fxg5 44. Bxg5 Kb4 45. f6 Kxa4 46. f7 Bd6
47. Kg7 Kb3 48. f8=Q Bxf8+ 49. Kxf8 a4 50. e5 a3 51. e6 a2 52. e7 a1=Q 53. e8=Q
Qf1+ 54. Qf7+ Qxf7+ 55. Kxf7 c1=Q 56. Bxc1 {Game drawn because neither player
has mating material} 1/2-1/2

[Event "Team 45 45 League T85"]
[Site "Internet Chess Club"]
[Date "2020.07.17"]
[Round "3"]
[White "janh"]
[Black "Threehundreds"]
[Result "1-0"]
[WhiteElo "1905"]
[BlackElo "1532"]
[Opening "Queen's pawn game"]
[ECO "D00"]
[Time "17:01:26"]
[TimeControl "2700+45"]

1. d4 Nf6 2. Nc3 d5 3. Bf4 g6 4. e3 Bg7 5. h4 c5 6. h5 Nxh5 7. Rxh5 gxh5 8. Qxh5
Be6 9. Nf3 Nd7 10. Nxd5 Bxd5 11. Qxd5 Qb6 12. O-O-O Qc6 13. dxc5 Qxd5 14. Rxd5
e6 15. Rd2 a6 16. c6 bxc6 17. Rd6 Nb8 18. Ne5 Bxe5 19. Bxe5 Rg8 20. Bf6 Nd7 21.
Bh4 Rg4 22. g3 Ne5 23. Be2 Ra4 24. a3 Rc8 25. f4 Nc4 26. Rd4 Nb6 27. Rd1 Nd5 28.
Rd3 Ne7 29. Bf3 Nd5 30. c3 Ra5 31. e4 Ne7 32. c4 Rd8 33. Rc3 f5 34. e5 c5 35.
Rb3 Ra4 36. Bh5+ Kf8 37. Rb7 Rxc4+ 38. Kb1 Rd3 39. Bxe7+ Kg8 40. Rb8+ Kg7 41.
Bf8+ Kg8 42. Bh6+ Rd8 43. Rxd8# {Black checkmated} 1-0

[Event "Team 45 45 League T85"]
[Site "Internet Chess Club"]
[Date "2020.07.17"]
[Round "3"]
[White "ChessG2011"]
[Black "ElValero"]
[Result "0-1"]
[WhiteElo "1513"]
[BlackElo "1701"]
[Opening "French: advance, Paulsen attack"]
[ECO "C02"]
[Time "02:11:34"]
[TimeControl "2700+45"]

1. e4 e6 2. d4 d5 3. e5 c5 4. c3 Nc6 5. Nf3 Nge7 6. Na3 cxd4 7. cxd4 Nf5 8. Nc2
Qb6 9. b3 Nb4 10. Bb2 Bd7 11. Be2 Nxc2+ 12. Qxc2 Rc8 13. Qd3 Bb4+ 14. Kf1 a6 15.
Rd1 Bb5 16. Qb1 Bxe2+ 17. Kxe2 Qb5+ 18. Qd3 Qxd3+ 19. Kxd3 O-O 20. Rc1 h5 21.
Rxc8 Rxc8 22. Rc1 Rxc1 23. Bxc1 Kf8 24. a3 Be7 25. b4 Nh4 26. Nxh4 Bxh4 27. g3
Be7 28. Kc3 b5 29. Kb3 Ke8 30. a4 Kd7 31. Bd2 f6 32. f4 fxe5 33. fxe5 g5 34. h3
g4 35. h4 Ke8 36. axb5 axb5 37. Kc3 Kf7 38. Kd3 Kg6 39. Ke3 Kf5 40. Be1 Bf8 41.
Kd3 Bh6 42. Bc3 Bc1 43. Be1 Bh6 44. Bc3 Bg7 45. Bd2 Bh8 46. Bh6 Kg6 47. Bg5 Bg7
48. Ke3 Bf8 49. Kf2 Bxb4 50. Bc1 Bc3 51. Be3 Kf5 52. Ke2 Ke4 53. Bf4 Bxd4 54.
Kd2 Bxe5 55. Bxe5 Kxe5 56. Ke3 b4 57. Kd3 d4 58. Kc4 Ke4 59. Kxb4 d3 60. Kc5 d2
61. Kd6 Kf5 62. Ke7 d1=Q 63. Kf7 Qf3 64. Ke7 Qxg3 65. Kd7 Qxh4 66. Kd6 e5 67.
Kd5 g3 68. Kc5 Qd4+ 69. Kc6 Ke6 70. Kc7 Qd6+ 71. Kb7 Kd5 72. Ka7 Qb4 73. Ka8 Kc6
74. Ka7 Qb7# {White checkmated} 0-1

[Event "Team 45 45 League T85"]
[Site "Internet Chess Club"]
[Date "2020.07.17"]
[Round "3"]
[White "buptwy"]
[Black "howah45"]
[Result "1-0"]
[WhiteElo "1241"]
[BlackElo "1183"]
[Opening "Scandinavian: Pytel-Wade variation"]
[ECO "B01"]
[Time "21:53:50"]
[TimeControl "2700+45"]

1. e4 d5 2. exd5 Qxd5 3. Nc3 Qd6 4. Nf3 a6 5. Bc4 b5 6. Bd5 c6 7. Bb3 c5 8. a3
Bb7 9. O-O Nf6 10. Re1 Nbd7 11. Ng5 c4 12. Ba2 h6 13. Nf3 e6 14. d3 Rc8 15. b3
cxd3 16. Bb2 dxc2 17. Qxc2 Bxf3 18. gxf3 Be7 19. Rad1 Qf4 20. Re3 Bd6 21. Red3
Qxh2+ 22. Kf1 Bf4 23. Qb1 Qh3+ 24. Ke1 Nc5 25. Rd4 Qxf3 26. b4 Ncd7 27. R4d3
Qh1+ 28. Ke2 Qh5+ 29. Ke1 Qh4 30. Rd4 e5 31. R4d3 Ng4 32. Qc2 Qh1+ 33. Ke2 Qg2
34. Rf3 g5 35. Qb3 Rf8 36. Qd5 Rd8 37. Qe4 Ndf6 38. Qc6+ Nd7 39. Ne4 h5 40. Nd6+
Ke7 41. Nf5+ Ke8 42. Qd6 {Black resigns} 1-0

[Event "Team 45 45 League T85"]
[Site "Internet Chess Club"]
[Date "2020.07.19"]
[Round "3"]
[White "MarcB"]
[Black "Eigeneier"]
[Result "1-0"]
[WhiteElo "1915"]
[BlackElo "1925"]
[Opening "King's Indian: fianchetto without c4"]
[ECO "A49"]
[Time "19:53:24"]
[TimeControl "2700+45"]

1. d4 Nf6 2. Nf3 g6 3. g3 Bg7 4. Bg2 O-O 5. O-O d6 6. Nbd2 Nc6 7. e4 e5 8. c3
Re8 9. d5 Ne7 10. c4 Nh5 11. b4 f5 12. Bb2 f4 13. c5 Bh6 14. Nc4 g5 15. Nfxe5
Nxg3 16. fxg3 dxe5 17. Bxe5 Ng6 18. Bb2 g4 19. Qc1 Qg5 20. gxf4 Nxf4 21. Qd2
Nxg2 22. Qxg2 Bd7 23. Bf6 Qh5 24. a4 Rf8 25. e5 c6 26. Nd6 Be3+ 27. Kh1 Bd4 28.
Rad1 Bxe5 29. Bxe5 Qxe5 30. Nxb7 cxd5 31. Rfe1 Qh5 32. Rxd5 Bf5 33. Rde5 Rae8
34. Qa2+ Kh8 35. Qb2 Rxe5 36. Qxe5+ Kg8 37. Nd6 Qh4 38. Nxf5 Rxf5 39. Qe6+ Kg7
40. Qe7+ Qxe7 41. Rxe7+ Kg6 42. c6 Rf4 43. Re5 Rxb4 44. Rc5 Rb8 45. Kg2 Kf6 46.
Kg3 Ke7 47. c7 Rc8 48. Rh5 Kd6 49. Rxh7 Kc5 50. Kxg4 Kb4 51. Kf5 Kxa4 52. Ke6
{Black resigns} 1-0

[Event "Team 45 45 League T85"]
[Site "Internet Chess Club"]
[Date "2020.07.19"]
[Round "3"]
[White "filmdirector"]
[Black "Ajolote"]
[Result "0-1"]
[WhiteElo "1607"]
[BlackElo "1968"]
[Opening "Sicilian: closed, 6.Be3"]
[ECO "B26"]
[Time "13:01:29"]
[TimeControl "2700+45"]

1. e4 c5 2. Nc3 Nc6 3. g3 g6 4. Bg2 Bg7 5. d3 d6 6. Be3 e5 7. Qd2 Nd4 8. Nce2
Ne7 9. c3 Ne6 10. Bh6 Bxh6 11. Qxh6 f5 12. Qd2 O-O 13. f4 fxe4 14. dxe4 c4 15.
Nf3 Qb6 16. b3 Nc5 17. Qe3 Nxb3 18. Qxb6 axb6 19. Rd1 Rxa2 20. Rxd6 exf4 21.
gxf4 Bg4 22. h3 Bh5 23. Kf2 Nc5 24. Ke3 Re8 25. Rhd1 Nf5+ 26. Kf2 Nxd6 27. Rxd6
Nxe4+ {White resigns} 0-1

[Event "Team 45 45 League T85"]
[Site "Internet Chess Club"]
[Date "2020.07.19"]
[Round "3"]
[White "JPSVI"]
[Black "timothysmall56"]
[Result "1-0"]
[WhiteElo "1790"]
[BlackElo "1602"]
[Opening "Van't Kruijs opening"]
[ECO "A00"]
[Time "20:04:27"]
[TimeControl "2700+45"]

1. e3 c5 2. f4 d6 3. Nf3 Nc6 4. g3 Nf6 5. Bg2 e5 6. d3 Be7 7. O-O O-O 8. Nc3 Bg4
9. e4 Qb6 10. h3 Bxf3 11. Qxf3 Nd4 12. Qf2 Rac8 13. b3 Rfd8 14. f5 Qb4 15. Nd1
Qa5 16. Ne3 b5 17. g4 h6 18. Bd2 Qc7 19. c3 Nc6 20. h4 Nh7 21. Nd5 Qd7 22. Bh3
f6 23. Kh2 Bf8 24. Qg3 Ne7 25. g5 hxg5 26. hxg5 Nxd5 27. exd5 Be7 28. g6 Nf8 29.
Qh4 Qb7 30. Bg2 Qd7 31. Kg3 a5 32. Rh1 Nxg6 33. fxg6 {Black resigns} 1-0

[Event "Team 45 45 League T85"]
[Site "Internet Chess Club"]
[Date "2020.07.17"]
[Round "3"]
[White "KidRattler"]
[Black "cayo89"]
[Result "0-1"]
[WhiteElo "1645"]
[BlackElo "1713"]
[Opening "Budapest: Adler variation"]
[ECO "A52"]
[Time "19:05:09"]
[TimeControl "2700+45"]

1. d4 Nf6 2. c4 e5 3. dxe5 Ng4 4. Nf3 Nc6 5. Bf4 Bb4+ 6. Nbd2 Qe7 7. e3 Ngxe5 8.
Be2 d6 9. O-O O-O 10. a3 Bxd2 11. Qxd2 Be6 12. Rac1 a5 13. Qc3 Bf5 14. c5 Rfc8
15. Rfd1 Be4 16. Nd4 dxc5 17. Qxc5 Qxc5 18. Rxc5 Ng6 19. Bg3 Nxd4 20. Rxd4 Bc6
21. Bg4 Rd8 22. Bxc7 Rxd4 23. exd4 Re8 24. Bb6 Re1# {White checkmated} 0-1

[Event "Team 45 45 League T85"]
[Site "Internet Chess Club"]
[Date "2020.07.17"]
[Round "3"]
[White "Sloggi"]
[Black "janh"]
[Result "1/2-1/2"]
[WhiteElo "1975"]
[BlackElo "1908"]
[Opening "QGD Slav: 3.Nf3"]
[ECO "D11"]
[Time "21:10:04"]
[TimeControl "2700+45"]

1. d4 c6 2. c4 d5 3. Nf3 e6 4. e3 f5 5. Nc3 Nf6 6. Ne5 Bd6 7. f4 O-O 8. Be2 Nbd7
9. O-O Ne4 10. Nxe4 fxe4 11. b3 a5 12. Bb2 a4 13. Bc3 Qc7 14. c5 Bxe5 15. fxe5
b6 16. b4 a3 17. Qe1 Ba6 18. Bxa6 Rxa6 19. Qh4 Rxf1+ 20. Rxf1 Nf8 21. Qg4 Ra8
22. h4 bxc5 23. bxc5 Rb8 24. h5 h6 25. Qf4 Qb7 26. Qg4 Qb5 27. Be1 Qc4 28. Bh4
Qd3 29. Be7 Rb1 30. Rxb1 Qxb1+ 31. Kh2 Qxa2 32. Bxf8 Kxf8 33. Qxe6 Qf2 34. Qc8+
Ke7 35. Qc7+ Kf8 36. Qc8+ Ke7 {Game drawn by mutual agreement} 1/2-1/2

[Event "Team 45 45 League T85"]
[Site "Internet Chess Club"]
[Date "2020.07.19"]
[Round "3"]
[White "primerpaso"]
[Black "Tufnell"]
[Result "0-1"]
[WhiteElo "1774"]
[BlackElo "1857"]
[Opening "English opening"]
[ECO "A10"]
[Time "14:02:29"]
[TimeControl "2700+45"]

1. c4 g6 2. Nc3 Bg7 3. g3 Nf6 4. Bg2 O-O 5. e4 d6 6. Nge2 c5 7. O-O Nc6 8. d3 a6
9. h3 Rb8 10. f4 Ne8 11. Be3 Nc7 12. d4 cxd4 13. Nxd4 Ne6 14. Nxc6 bxc6 15. Qd2
c5 16. Rad1 Nd4 17. b3 a5 18. Kh2 Bd7 19. Bxd4 cxd4 20. Ne2 e5 21. f5 h5 22. h4
Kh7 23. Bh3 Bh6 24. Qd3 g5 25. hxg5 Qxg5 26. Rg1 Qe3 27. Qxe3 Bxe3 28. Rg2 Bc6
29. g4 Bxe4 30. Rg3 h4 31. Rxe3 dxe3 32. Bg2 Bxg2 33. Kxg2 a4 34. Rd3 axb3 35.
axb3 Kh6 36. Rxd6+ Kg5 37. Rd3 Kxg4 38. Rxe3 Kxf5 39. Rc3 Rfd8 40. Rf3+ Ke6 41.
Re3 Rd2 42. Kf3 Kf5 43. Kf2 e4 44. Ke1 Rd3 {White resigns} 0-1

[Event "Team 45 45 League T85"]
[Site "Internet Chess Club"]
[Date "2020.07.16"]
[Round "3"]
[White "room-matt"]
[Black "ANGELLR"]
[Result "0-1"]
[WhiteElo "1777"]
[BlackElo "1881"]
[Opening "French: Fort Knox variation"]
[ECO "C10"]
[Time "15:42:19"]
[TimeControl "2700+45"]

1. e4 e6 2. d4 d5 3. Nc3 dxe4 4. Nxe4 Bd7 5. Nf3 Bc6 6. Bd3 Nd7 7. Qe2 Be7 8.
O-O Ngf6 9. c4 Bxe4 10. Bxe4 Nxe4 11. Qxe4 c6 12. Re1 O-O 13. Bd2 Nf6 14. Qe3
Qb6 15. b3 Rfd8 16. Bc3 Rac8 17. Rad1 Bb4 18. h3 Bxc3 19. Qxc3 c5 20. dxc5 Qxc5
21. Rxd8+ Rxd8 22. Ne5 Qa3 23. Qc2 h6 24. Rd1 Rd6 25. Rxd6 Qxd6 26. Qe2 Qd4 27.
Nf3 Qa1+ 28. Kh2 Qc3 29. Qe5 Qxe5+ 30. Nxe5 Ne4 31. f3 Nc3 32. a4 Kf8 33. c5 Nd5
34. a5 Nb4 35. Kg3 Ke7 36. f4 f6 37. Nc4 Nd3 38. b4 Kd7 39. Nd6 Nxb4 40. Nxb7
Kc6 41. Nd8+ Kd5 42. Kf3 Nc6 43. Nb7 Nd4+ 44. Ke3 Nb3 45. Nd6 f5 46. a6 Na5 47.
Nb7 Nb3 48. Nd6 Nxc5 49. Nc8 Nxa6 50. Nxa7 Nc5 51. Nb5 e5 52. Nc7+ Kc6 53. Ne8
Ne6 54. fxe5 Kd5 55. Nd6 Kxe5 56. Nf7+ Kd5 57. g3 Ng5 58. Nxg5 hxg5 59. Kf3 Ke5
60. Ke3 f4+ 61. Kf3 Kf5 62. Kf2 Ke4 63. gxf4 gxf4 64. Ke2 f3+ 65. Kf2 Kf4 66.
Kf1 Kg3 67. Ke1 Kg2 {White resigns} 0-1

[Event "Team 45 45 League T85"]
[Site "Internet Chess Club"]
[Date "2020.07.19"]
[Round "3"]
[White "ElValero"]
[Black "Boxermam"]
[Result "1-0"]
[WhiteElo "1721"]
[BlackElo "1759"]
[Opening "Bogo-Indian defense, Grünfeld variation"]
[ECO "E11"]
[Time "09:00:54"]
[TimeControl "2700+45"]

1. Nf3 Nf6 2. c4 e6 3. d4 Bb4+ 4. Nbd2 d5 5. Qa4+ Nc6 6. Ne5 Bd7 7. Nxc6 Bxd2+
8. Bxd2 Bxc6 9. Qc2 O-O 10. Bg5 Re8 11. e3 e5 12. dxe5 Rxe5 13. Bf4 Re8 14. Be2
dxc4 15. O-O Qe7 16. Qxc4 Rad8 17. Rfd1 h6 18. Rxd8 Rxd8 19. Rd1 Rxd1+ 20. Bxd1
Bd5 21. Qxc7 Qb4 22. Qd8+ Kh7 23. Bc2+ Be4 24. Bxe4+ Qxe4 25. Qd1 Qc4 26. a3 Nd5
27. Be5 Qe4 28. Bd4 a6 29. h3 f6 30. Qg4 Qb1+ 31. Kh2 Qa2 32. Qf5+ Kg8 33. Qc8+
Kh7 34. Qxb7 a5 35. e4 Nf4 36. Bxf6 Nh5 37. Bc3 Qb1 38. g4 Qf1 39. Bd4 Nf6 40.
e5 Ng8 41. Qe4+ Kh8 42. e6 Ne7 43. Qe5 {Black resigns} 1-0

[Event "Team 45 45 League T85"]
[Site "Internet Chess Club"]
[Date "2020.07.16"]
[Round "3"]
[White "QuieroAprender"]
[Black "cayo89"]
[Result "0-1"]
[WhiteElo "1602"]
[BlackElo "1699"]
[Opening "Caro-Kann defense"]
[ECO "B10"]
[Time "20:45:09"]
[TimeControl "2700+45"]

1. e4 c6 2. b3 d5 3. exd5 cxd5 4. Bb2 Nf6 5. Bb5+ Nc6 6. d3 a6 7. Bxc6+ bxc6 8.
Nf3 Bg4 9. Nbd2 e6 10. h3 Bh5 11. O-O Bd6 12. Re1 O-O 13. g4 Bg6 14. Ne5 Qc7 15.
Ndf3 c5 16. h4 h5 17. Nxg6 fxg6 18. Ng5 Nxg4 19. Nxe6 Qf7 20. f3 Qxf3 21. Qxf3
Rxf3 22. Re2 d4 23. Ng5 Re3 24. Rae1 Bg3 25. Rxe3 Nxe3 26. Re2 Rf8 {White
resigns} 0-1

[Event "Team 45 45 League T85"]
[Site "Internet Chess Club"]
[Date "2020.07.19"]
[Round "3"]
[White "liujf"]
[Black "kabindra"]
[Result "1-0"]
[WhiteElo "1629"]
[BlackElo "1731"]
[Opening "Queen's pawn, Mason variation"]
[ECO "D00"]
[Time "17:02:04"]
[TimeControl "2700+45"]

1. d4 d5 2. Bf4 Nf6 3. e3 c5 4. c3 Nc6 5. Nd2 e6 6. Bd3 c4 7. Bc2 b5 8. Ngf3 b4
9. Ba4 Bd7 10. O-O Be7 11. Ne5 Nxe5 12. dxe5 Ne4 13. Nxe4 dxe4 14. Bxd7+ Qxd7
15. Qd4 Qc6 16. cxb4 Bxb4 17. Rac1 Rc8 18. Qxa7 O-O 19. a3 Bc5 20. Qa5 Bb6 21.
Qc3 Qb5 22. Bg5 Rfe8 23. Rfd1 h6 24. Bf4 Ba5 25. Qc2 Red8 26. Rxd8+ Rxd8 27.
Qxe4 Qxb2 28. Qxc4 Qxa3 29. e4 Qb2 30. h3 Bb6 31. Qc2 Rd1+ {Black resigns} 1-0

[Event "Team 45 45 League T85"]
[Site "Internet Chess Club"]
[Date "2020.07.18"]
[Round "3"]
[White "VictorRed"]
[Black "Hal2001"]
[Result "0-1"]
[WhiteElo "1549"]
[BlackElo "1485"]
[Opening "Old Benoni defense"]
[ECO "A46"]
[Time "20:01:36"]
[TimeControl "2700+45"]

1. Nf3 Nf6 2. d4 c5 3. d5 d6 4. Nc3 e5 5. dxe6 fxe6 6. Bg5 Be7 7. e4 O-O 8. Bc4
Nc6 9. O-O Kh8 10. Re1 Ng4 11. Bxe7 Qxe7 12. Nb5 Nce5 13. Nxe5 Nxe5 14. Qxd6
Qxd6 15. Nxd6 Nxc4 16. Nxc4 b5 17. Nd6 Bd7 18. Rad1 Bc6 19. e5 Rf4 20. g3 Rf3
21. Rd3 Raf8 22. Rxf3 Rxf3 23. Re3 Rxe3 24. fxe3 c4 25. Kf2 g6 26. e4 Kg7 27.
Ke3 Kh6 28. h3 Kh5 29. Nc8 a5 30. Ne7 Bb7 31. Ng8 Kg5 32. Kf3 Kh5 33. Nf6+ Kh6
34. h4 b4 35. Kf4 a4 36. Nd7 b3 37. axb3 c3 38. bxc3 a3 39. Nc5 a2 40. Nxb7 a1=Q
41. c4 Qc1+ 42. Kf3 Qxc2 43. Nc5 Qc3+ 44. Kg2 Qxe5 {White resigns} 0-1

[Event "Team 45 45 League T85"]
[Site "Internet Chess Club"]
[Date "2020.07.16"]
[Round "3"]
[White "Pawnchain"]
[Black "Toalla"]
[Result "1-0"]
[WhiteElo "1439"]
[BlackElo "1203"]
[Opening "Queen's pawn"]
[ECO "A40"]
[Time "10:00:55"]
[TimeControl "2700+45"]

1. d4 e6 2. Bf4 d5 3. e3 Bd6 4. Bg3 Bxg3 5. hxg3 Nf6 6. Bd3 Ne4 7. Qe2 Nd7 8.
Nd2 Ndf6 9. Ngf3 c5 10. Bxe4 Nxe4 11. c3 Qa5 12. Nxe4 dxe4 13. Ne5 cxd4 14. exd4
f5 15. Qh5+ Ke7 16. O-O Bd7 17. Qf7+ Kd6 18. Qxd7# {Black checkmated} 1-0

[Event "Team 45 45 League T85"]
[Site "Internet Chess Club"]
[Date "2020.07.17"]
[Round "3"]
[White "Gojira"]
[Black "Yedixon"]
[Result "1-0"]
[WhiteElo "1614"]
[BlackElo "1612"]
[Opening "Pirc: Ufimtsev-Pytel variation"]
[ECO "B07"]
[Time "19:14:42"]
[TimeControl "2700+45"]

1. d4 d6 2. Nc3 Nf6 3. e4 c6 4. Bf4 Qa5 5. Qd2 Nbd7 6. Nf3 b5 7. a3 b4 8. Na2
Nxe4 9. Qxb4 Qxb4+ 10. Nxb4 Bb7 11. Bd3 a5 12. Bxe4 axb4 13. a4 Nf6 14. Bd3 g6
15. Bd2 Nd5 16. Bc4 c5 17. dxc5 dxc5 18. Bb5+ Kd8 19. Ne5 Bg7 20. Nxf7+ Kc7 21.
Nxh8 Bxh8 22. O-O-O Nb6 23. b3 Bxg2 24. Rhe1 Bf6 25. Bf4+ Kb7 26. Bd3 c4 27.
Be4+ Bxe4 28. Rxe4 cxb3 29. cxb3 Rc8+ 30. Kb1 Rc3 31. Rxb4 Ka6 32. Rc1 Nd5 33.
Rxc3 Nxc3+ 34. Kc2 Nd5 35. Rc4 g5 36. Bxg5 Bxg5 37. Rc5 e6 38. Rc6+ Ka5 39. Rxe6
Nb4+ 40. Kc3 Nd5+ 41. Kd4 Nf4 42. Re5+ Kb4 43. Rb5+ Ka3 44. Ke4 h6 45. h4 {Black
resigns} 1-0

[Event "Team 45 45 League T85"]
[Site "Internet Chess Club"]
[Date "2020.07.20"]
[Round "3"]
[White "ascoli"]
[Black "evan7284"]
[Result "1-0"]
[WhiteElo "1640"]
[BlackElo "1642"]
[Opening "Réti: King's Indian attack (Barcza system)"]
[ECO "A07"]
[Time "14:30:40"]
[TimeControl "2700+45"]

1. Nf3 d5 2. g3 e6 3. Bg2 f5 4. O-O Nf6 5. d3 Bd6 6. Re1 O-O 7. Nbd2 c6 8. e4
fxe4 9. dxe4 Bc5 10. Nb3 Bb6 11. exd5 exd5 12. Nfd4 Re8 13. Bg5 Rxe1+ 14. Qxe1
h6 15. Ne6 Qe8 16. Bxf6 gxf6 17. Nc7 Qxe1+ 18. Rxe1 Bxc7 19. Re8+ Kf7 20. Rxc8
Bb6 21. a4 a5 22. Nd2 Bd4 23. Nf3 Bb6 24. Nh4 {Black resigns} 1-0

[Event "Team 45 45 League T85"]
[Site "Internet Chess Club"]
[Date "2020.07.19"]
[Round "3"]
[White "RD1974"]
[Black "danielcao"]
[Result "1-0"]
[WhiteElo "1527"]
[BlackElo "1308"]
[Opening "French defense, Steiner variation"]
[ECO "C00"]
[Time "21:01:19"]
[TimeControl "2700+45"]

1. e4 e6 2. c4 Nc6 3. d4 Be7 4. Nf3 d6 5. Nc3 Nf6 6. Bd3 e5 7. d5 Nb8 8. h3 O-O
9. Be3 Nbd7 10. b4 a5 11. a3 Nb6 12. O-O Bd7 13. c5 dxc5 14. bxc5 Nc8 15. Nxe5
Be8 16. Qe2 Nd7 17. f4 Nxc5 18. Bc2 Nd7 19. Nd3 Nf6 20. Nc5 b6 21. Nb7 Qd7 22.
Ba4 Qxa4 23. Nxa4 Bxa4 24. Qc4 Bd7 25. Qxc7 Ra7 26. Bxb6 Nxb6 27. Qxb6 Raa8 28.
d6 Bd8 29. Qd4 Bb5 30. Rfb1 Bd7 31. Nxd8 Raxd8 32. e5 Nh5 33. Kh2 Bf5 34. Rb7
Rfe8 35. g4 Nxf4 36. Qxf4 Be6 37. Rf1 Rc8 38. Rf2 Rf8 39. Ra7 Rc4 40. Qe3 Rfc8
41. d7 Rd8 42. Qb6 Rcc8 43. dxc8=Q Rxc8 44. Rc7 Rf8 45. Qxa5 Kh8 46. Qa7 Kg8 47.
Rb2 Kh8 48. Rb8 {Black resigns} 1-0